 Dungeon Crawl Stone Soup version 0.23-a0-305-g7ffd15e (webtiles) character file.

1365 galech the Chopper (level 8, 19/61 HPs)
             Began as a Demonspawn Fighter on Oct 9, 2018.
             Was a Follower of Okawaru (penitent).
             Quit the game on level 6 of the Dungeon.
             The game lasted 00:08:31 (5508 turns).

galech the Chopper (Demonspawn Fighter)             Turns: 5508, Time: 00:08:31

Health: 19/61      AC:  8    Str: 17    XL:     8   Next: 38%
Magic:  8/8        EV: 13    Int: 10    God:    Okawaru [*]
Gold:   246        SH:  9    Dex: 14    Spells: 7/7 levels left

rFire    . . .     SeeInvis .   o - +1 hand axe (distort)
rCold    + . .     Gourm    .   c - +0 shield
rNeg     . . .     Faith    .   s - +0 ring mail {rC+}
rPois    .         Spirit   +   (helmet restricted)
rElec    .         Reflect  .   (no cloak)
rCorr    .         Harm     .   (no gloves)
MR       .....                  b - +1 pair of boots
Stlth    +.........             j - amulet of guardian spirit
HPRegen  0.20/turn              (no ring)
MPRegen  0.11/turn              (no ring)

@: no status effects
A: horns 1, repulsion field 2, demonic guardian 1
a: Renounce Religion


You were on level 6 of the Dungeon.
You worshipped Okawaru.
Okawaru was demanding penance.
You were very hungry.

You visited 2 branches of the dungeon, and saw 8 of its levels.

You collected 246 gold pieces.

Inventory:

Hand Weapons
 o - a +1 hand axe of distortion (weapon)
Armour
 b - a +1 pair of boots (worn)
 c - a +0 shield (worn)
 s - a +0 ring mail of cold resistance (worn)
 u - a +0 scale mail
Jewellery
 a - an uncursed amulet of magic regeneration
 g - an uncursed ring of fire
 j - an amulet of guardian spirit (around neck)
Wands
 h - a wand of random effects (32)
 y - a wand of flame (26)
Scrolls
 e - 9 scrolls of teleportation
 i - 2 scrolls of remove curse
 l - 3 scrolls of identify
 m - a scroll of enchant armour {unknown}
 v - 2 scrolls of magic mapping {unknown}
 x - a scroll of random uselessness {unknown}
 z - a scroll of brand weapon {unknown}
 A - a scroll of summoning {unknown}
Potions
 d - a potion of might
 k - 2 potions of agility
 n - a potion of flight
 q - a potion of haste {unknown}
 r - a potion of cancellation {unknown}
 t - a potion of curing {unknown}
 w - a potion of ambrosia
Comestibles
 f - 7 rations


   Skills:
 + Level 4.8 Fighting
 + Level 5.8 Axes
 + Level 4.9 Armour
 + Level 2.7 Dodging
 + Level 1.2 Stealth
 + Level 4.8 Shields


You had 7 spell levels left.
You didn't know any spells.
Your spell library was empty.

Dungeon Overview and Level Annotations

Branches:
Dungeon (7/15)             Temple (1/1) D:5

Altars:
Ashenzari
Cheibriados
Dithmenos
Elyvilon
Fedhas
Gozag
Hepliaklqana
Makhleb
Okawaru
Qazlal
Ru
Sif Muna
Uskayaw
Vehumet
Wu Jian
Yredelemnul
The Shining One

Annotations:
D:2 Robin
D:7 Menkaure


Innate Abilities, Weirdness & Mutations

You have a pair of small horns on your head.
You are surrounded by a moderate repulsion field. (EV +3)
A weak demonic guardian rushes to your aid.


Message History

You kill the orc priest!
That felt strangely unrewarding.
You hit the orc.
Space bends around the orc.
You kill the orc!
That felt strangely unrewarding.
You swap places.
An orc wizard comes into view. It is wielding a dagger.
The orc wizard shouts!
Your shadow imp hits the orc knight.
The orc priest hits you but does no damage.
An orc comes into view. It is wielding a whip.
The orc knight roars a battlecry!
The orcs go into a battle-frenzy!
Things that are here:
a leather armour; a flail An orc comes into view.
It is wielding a hand axe.
You are feeling very hungry.
The orc shouts!
Your shadow imp disappears in a puff of smoke!
The orc knight roars a battlecry!
Are you sure you want to abandon this character and quit the game? (Confirm

..........#...†..#####
#..##
#########.#.....##
#.... #.###.#.#
######.### #.......#
##...##.##. #.#.#####
#.....#.#.#
#######.#.######
#..........
#.......o....o.#
##.....#####
#.#####.#.####.##
##.....## # #o#
#.#.###.@5###.#.#.####
# ###.###
#.#...o.#[§ooo.......#
# #N>.oo#
#.#####ooo##.###..##.#
#
#o###o###.....##.##.##
##..#.# 5N#
#.....###.##.#.##
##...#### #.###.#####
#.##o#.# #.......
#..>..# #.##...##
##..##### #.....###
#.#####.## ##<.##
#.......# #.#
##.###.#.#


You could see an orc knight, 3 orc warriors, 3 orcs and a friendly shadow imp.

Vanquished Creatures
  2 sky beasts (D:6)
  A centaur (D:5)
  2 ogres
  A bullfrog (D:6)
  2 scorpions (D:6)
  3 killer bees (D:7)
  A crimson imp (D:5)
  A jelly (D:6)
  An orc priest (D:6)
  A centaur skeleton (D:6)
  3 worker ants
  An iguana (D:4)
  A hound skeleton (D:5)
  A worker ant zombie (D:5)
  A howler monkey skeleton (D:4)
  9 adders
  An adder skeleton (D:4)
  2 adder zombies
  2 dart slugs
  A worm (D:2)
  2 leopard geckos
  8 orcs
  A ball python (D:1)
  7 bats
  4 giant cockroaches
  13 goblins
  11 hobgoblins
  10 jackals
  11 kobolds
  4 quokkas
  6 frilled lizards
  A leopard gecko zombie (D:6)
  4 rats
119 creatures vanquished.

Vanquished Creatures (collateral kills)
  An ogre (D:4)
  3 killer bees (D:7)
  An adder (D:2)
  A shadow imp (D:7)
  An orc (D:4)
  A hobgoblin (D:2)
8 creatures vanquished.

Vanquished Creatures (others)
  A howler monkey (D:7)
  A hound (D:5)
  A goblin (D:2)
  A hobgoblin (D:2)
4 creatures vanquished.

Grand Total: 131 creatures vanquished

Notes
Turn   | Place    | Note
-------+----------+-------------------------------------------
     0 | D:1      | galech the Demonspawn Fighter began the quest for the Orb.
     0 | D:1      | Reached XP level 1. HP: 18/18 MP: 1/1
   221 | D:1      | Gained mutation: A weak demonic guardian rushes to your
                  | aid. [demonic ancestry]
   221 | D:1      | Reached XP level 2. HP: 19/24 MP: 2/2
   277 | D:1      | Reached skill level 2 in Axes
   782 | D:1      | Gained mutation: You have a pair of small horns on your
                  | head. [demonic ancestry]
   782 | D:1      | Reached XP level 3. HP: 21/29 MP: 3/3
  1792 | D:2      | Noticed Robin
  1796 | D:2      | Reached XP level 4. HP: 33/35 MP: 2/4
  2111 | D:3      | Reached skill level 3 in Axes
  2258 | D:3      | Found a sacrificial altar of Ru.
  2402 | D:3      | Found a hide-covered altar of Uskayaw.
  2404 | D:3      | Found a stormy altar of Qazlal.
  2411 | D:3      | Found a white marble altar of Elyvilon.
  2411 | D:3      | Found a blossoming altar of Fedhas.
  2412 | D:3      | Found a radiant altar of Vehumet.
  2414 | D:3      | Found a glowing golden altar of the Shining One.
  2416 | D:3      | Found a snail-covered altar of Cheibriados.
  2820 | D:4      | Reached XP level 5. HP: 42/42 MP: 5/5
  2894 | D:4      | Noticed an ogre
  2906 | D:4      | Reached skill level 1 in Dodging
  2914 | D:4      | Killed an ogre
  2914 | D:4      | Gained mutation: You are surrounded by a mild repulsion
                  | field. (EV +2) [demonic ancestry]
  2914 | D:4      | Reached XP level 6. HP: 9/48 MP: 1/6
  3471 | D:5      | Entered Level 5 of the Dungeon
  3487 | D:5      | Reached skill level 4 in Axes
  3893 | D:5      | Found a faded altar of an unknown god.
  3900 | D:5      | Found a staircase to the Ecumenical Temple.
  3908 | Temple   | Entered the Ecumenical Temple
  4060 | Temple   | Became a worshipper of Warmaster Okawaru
  4170 | D:5      | Gained mutation: You are surrounded by a moderate repulsion
                  | field. (EV +3) [demonic ancestry]
  4170 | D:5      | Reached XP level 7. HP: 54/54 MP: 7/7
  4854 | D:6      | Reached * piety under Okawaru
  4854 | D:6      | Reached skill level 5 in Axes
  4854 | D:6      | Reached skill level 1 in Stealth
  5333 | D:7      | Reached XP level 8. HP: 61/61 MP: 8/8
  5349 | D:7      | Was placed under penance by Okawaru
  5412 | D:7      | Noticed Menkaure
  5476 | D:6      | Noticed an orc knight
  5476 | D:6      | Noticed a naga warrior
  5505 | D:6      | Noticed an orc knight
  5508 | D:6      | Quit the game

Vault maps used:
D:1:      dpeg_arrival_morbid_curiosity
D:2:      uniq_robin
D:3:      minitemple, nicolae_ru_awakened_eye
D:4:      kennysheep_generic_room_7
D:5:      nicolae_temple_entry_ecumenical, portal_sewer_entry_d, first_ration
D:7:      gammafunk_steamed_eel, nicolae_tso_besieged_by_evil, uniq_menkaure
Temple:   minmay_temple_curvy_branch

Skill      XL: |  1  2  3  4  5  6  7 |
---------------+----------------------+-----
Axes           | 2 3 4 5 |  5.8
Shields        | 3 4 |  4.8
Armour         | 3 4 |  4.9
Dodging        | 1 2 |  2.7
Fighting       | 4 |  4.8
Stealth        | 1 |  1.2

Action                   |  1- 3 |  4- 6 |  7- 9 || total
-------------------------+-------+-------+-------++-------
Melee: War axe           |   120 |       |       ||   120
       Hand axe          |     7 |   139 |    97 ||   243
       Headbutt          |     7 |    16 |    20 ||    43
  Use: Scroll            |       |     3 |       ||     3
       Potion            |       |       |     4 ||     4
 Stab: Distracted        |       |     2 |       ||     2
  Eat: Chunk             |     3 |     7 |     4 ||    14
Armor: Scale mail        |    68 |    52 |     2 ||   122
       Ring mail         |       |       |    25 ||    25
Dodge: Dodged            |    54 |    42 |    75 ||   171
Block: Shield            |    73 |    62 |    57 ||   192

Table legend:
 A = Non-vault XP
 B = Vault XP
 C = Vault XP percentage of total XP
 D = Non-vault monster count
 E = Vault monster count
 F = Vault count percentage of total count
                 A         B        C        D         E       F
            +---------+---------+-------+---------+---------+-------
      Total |    1873 |      77 |   3.9 |     111 |      18 |  14.0
            +---------+---------+-------+---------+---------+-------
        D:1 |      32 |      10 |  23.8 |      18 |       5 |  21.7
        D:2 |      60 |      18 |  23.1 |      15 |      11 |  42.3
        D:3 |      65 |       0 |   0.0 |      25 |       0 |   0.0
        D:4 |     201 |      35 |  14.8 |      15 |       1 |   6.2
        D:5 |     427 |      14 |   3.2 |      11 |       1 |   8.3
        D:6 |     614 |       0 |   0.0 |      15 |       0 |   0.0
        D:7 |     474 |       0 |   0.0 |      12 |       0 |   0.0
            +---------+---------+-------+---------+---------+-------
